 Dungeon Crawl Stone Soup version 0.19-a0-1326-gee3fcf6 (webtiles) character file.

14230 packetloss the Covert (level 12, -4/82 HPs)
             Began as an Octopode Wizard on Aug 31, 2016.
             Was an Initiate of Gozag.
             Slain by a white ugly thing (29 damage)
             ... on level 11 of the Dungeon.
             The game lasted 01:35:34 (19717 turns).

packetloss the Covert (Octopode Wizard)            Turns: 19717, Time: 01:35:35

Health: -4/82      AC:  8    Str:  6    XL:     12   Next: 14%
Magic:  16/22      EV: 17    Int: 25    God:    Gozag
Gold:   684        SH:  0    Dex: 11    Spells: 7 memorised, 7 levels left

rFire  . . .     SeeInvis +     a - +1 mace (protect)
rCold  . . .     Gourm    .     (no shield)
rNeg   + . .     Faith    .     I - +2 hat
rPois  +         Spirit   .     (no amulet)
rElec  .         Dismiss  .     j - ring of stealth {Stlth+}
rCorr  +         Reflect  .     p - ring of resist corrosion
MR     .....     Harm     .     M - ring of poison resistance {rPois, !d}
Stlth  +++++++...               x - ring of positive energy {rN+}
                                S - ring of see invisible {sInv, !d}
                                T - ring of wizardry {Wiz+, !d}
                                (no ring)
                                (no ring)

@: gold aura, repel missiles
A: almost no armour, stealthy swim, amphibious, 8 rings, constrict 8, camouflage
1, gelatinous body 1
a: Potion Petition, Call Merchant, Bribe Branch, Renounce Religion


You were on level 11 of the Dungeon.
You worshipped Gozag.
Gozag was pleased with you.
You were very hungry.

You visited 2 branches of the dungeon, and saw 13 of its levels.
You also visited: Sewer.

You collected 2412 gold pieces.
You spent 630 gold pieces at shops.
You paid 1098 gold pieces to Gozag.

Inventory:

Hand Weapons
 a - a +1 mace of protection (weapon)
   (You took it off an orc on level 6 of the Dungeon)
 b - a +1 whip of venom
   (You found it on level 1 of the Dungeon)
 o - a +3 dagger
   (You took it off a kobold on level 1 of the Dungeon)
 N - a +0 morningstar
   (You took it off an orc on level 7 of the Dungeon)
 R - a +1 dire flail of crushing
   (You took it off a two-headed ogre on level 10 of the Dungeon)
Missiles
 w - 2 throwing nets {=f, !d}
 z - 4 tomahawks of returning
 A - 8 tomahawks (quivered)
 D - 186 arrows
Armour
 k - a +0 large shield
   (You found it on level 1 of the Dungeon)
 I - a +2 hat (worn)
Rods
 E - a +0 rod of ignition (11/11) {!a}
   (You found it on level 4 of the Dungeon)
Jewellery
 j - a ring of stealth (left tentacle) {Stlth+}
   (You found it on level 1 of the Dungeon)
 p - a ring of resist corrosion (right tentacle)
   (You found it on level 3 of the Dungeon)
 x - a ring of positive energy (on tentacle) {rN+}
   (You took it off a crimson imp on level 11 of the Dungeon)
 M - a ring of poison resistance (on tentacle) {rPois, !d}
   (You found it on level 9 of the Dungeon)
 S - a ring of see invisible (on tentacle) {sInv, !d}
   (You bought it in a shop on level 11 of the Dungeon)
 T - a ring of wizardry (on tentacle) {Wiz+, !d}
   (You bought it in a shop on level 11 of the Dungeon)
Wands
 e - a wand of slowing (26/48)
   (You found it on level 6 of the Dungeon)
 t - a wand of lightning (15/15)
   (You found it on level 6 of the Dungeon)
 K - a wand of flame (25/48)
   (You found it on level 7 of the Dungeon)
 L - a wand of lightning (7/15)
   (You found it on level 7 of the Dungeon)
 P - a wand of flame (25/48)
   (You found it on level 8 of the Dungeon)
Scrolls
 d - 2 scrolls of amnesia
 h - 5 scrolls of remove curse
 s - 2 scrolls of recharging
 u - a scroll of fog
 C - 3 scrolls of enchant armour
 G - 6 scrolls of identify
 Q - 3 scrolls of blinking {!r}
Potions
 f - 3 potions of mutation {unknown}
 g - 2 potions of flight
 i - a potion of might {unknown}
 l - a potion of heal wounds
 n - a potion of curing
 r - 2 potions of lignification {!q}
 v - 5 potions of brilliance
 B - a potion of resistance
 F - 3 potions of ambrosia {unknown}
 H - a potion of agility
Books
 m - a book of Minor Magic
 y - a book of Debilitation
   (You found it on level 6 of the Dungeon)
 J - the Almanac of the Eight Boll Weevils
   (You found it on level 7 of the Dungeon)

   Spells                             Type                      Level
   a - Apportation                    Translocation                1
   b - Teleport Other                 Translocation                3
   c - Passage of Golubria            Translocation                4
   d - Simulacrum                     Ice/Necromancy               6
   e - Dispersal                      Translocation                6
Miscellaneous
 O - a box of beasts
Comestibles
 c - 4 bread rations {@e1}
 q - 4 fruits


   Skills:
 - Level 8.1 Fighting
 - Level 6.1 Maces & Flails
 + Level 9.4 Dodging
 - Level 9.5 Stealth
 - Level 4.0 Shields
 - Level 6.8 Spellcasting
 - Level 5.7 Conjurations
 - Level 1.5 Summonings
 - Level 5.0 Translocations
 - Level 3.0 Fire Magic
 - Level 2.0 Air Magic
 - Level 3.0 Poison Magic


You had 7 spell levels left.
You knew the following spells:

 Your Spells              Type           Power        Failure   Level  Hunger
a - Magic Dart            Conj           ####         1%          1    None
b - Blink                 Tloc           N/A          1%          2    None
c - Call Imp              Summ           ###.....     3%          2    None
d - Repel Missiles        Chrm/Air       ##....       4%          2    None
e - Conjure Flame         Conj/Fire      ####....     1%          3    None
f - Passage of Golubria   Tloc           N/A          4%          4    ###....
x - Mephitic Cloud        Conj/Pois/Air  ####....     2%          3    None


Dungeon Overview and Level Annotations

Branches:
Dungeon (12/15)            Temple (0/1) D:7            Lair (1/6) D:10
    Orc (0/2) D:10

Altars:
Dithmenos
Fedhas
Gozag
Kikubaaqudgha
Uskayaw
Xom

Shops:
D:6 }   D:7 %?   D:10 }   D:11 [=

Annotations:
D:2 ! only partially cleared, Robin; Terence
D:3 90%, exclusion: upstairs, packetloss's ghost, amateur OpVM
D:5 exclusion: Sigmund, Sigmund
D:10 ! need sInv
D:11 exclusion: downstairs
D:12 exclusion: Frances, Frances
Lair:1 Gastronok


Innate Abilities, Weirdness & Mutations

You cannot wear most types of armour.
You are very stealthy in the water.
You are amphibious.
You can wear up to eight rings at the same time.
You can use your tentacles to constrict eight enemies at once.
Your skin changes colour to match your surroundings (Stealth+).
Your rubbery body absorbs attacks. (AC +1, EV +1)


Message History

The magic dart hits the wraith.
Aim: a wraith (moderately damaged)
The magic dart hits the wraith.
You now have 14/22 mp.
Aim: a wraith (moderately damaged)
The magic dart hits the wraith.
Spoiler Alert: The wraith can slow you in melee!
You now have 13/22 mp.
Aim: a wraith (moderately damaged)
The magic dart hits the wraith.
You now have 12/22 mp.
Aim: a wraith (moderately damaged)
The magic dart hits the wraith.
Spoiler Alert: The wraith can slow you in melee!
You now have 11/22 mp.
Aim: a wraith (heavily damaged)
The magic dart hits the wraith.
Aim: a wraith (heavily damaged)
The magic dart hits the wraith.
You now have 10/22 mp.
Aim: a wraith (heavily damaged)
The magic dart hits the wraith.
Spoiler Alert: The wraith can slow you in melee!
You now have 9/22 mp.
Aim: a wraith (heavily damaged)
The magic dart hits the wraith.
You now have 8/22 mp.
Aim: a wraith (heavily damaged)
The magic dart hits the wraith.
Spoiler Alert: The wraith can slow you in melee!
You now have 7/22 mp.
Aim: a wraith (severely damaged)
The magic dart hits the wraith.
You now have 6/22 mp.
Aim: a wraith (severely damaged)
The magic dart hits the wraith.
Spoiler Alert: The wraith can slow you in melee!
Aim: a wraith (severely damaged)
The magic dart hits the wraith.
You now have 5/22 mp.
Aim: a wraith (almost destroyed)
The magic dart hits the wraith.
You destroy the wraith!
You now have 4/22 mp.
You start resting.
You are feeling very hungry.
Health restored: 82 You regained 6 mp, and now have 10/22 mp.
You now have 684 gold pieces (gained 5).
You see here a shortbow of freezing.
Spoiler Alert: The brown ugly thing (wandering) is fast and can hit for moderate damage in melee!
Spoiler Alert: The brown ugly thing (wandering) is fast and can hit for moderate damage in melee!
Aim: a brown ugly thing (hasn't noticed you)
The magic dart hits the brown ugly thing.
Spoiler Alert: The brown ugly thing is fast and can hit for moderate damage in melee!
You now have 16/22 mp.
Aim: a brown ugly thing The magic dart hits the brown ugly thing.
Warning x2: The white ugly thing (wandering) is fast and can hit for high cold damage in melee!
The brown ugly thing is fast and can hit for moderate damage in melee!
You now have 17/22 mp.
The fire roars!
The white ugly thing gurgles horribly!
Warning x2: The brown ugly thing is fast and can hit for moderate damage in melee!
The white ugly thing is fast and can hit for high cold damage in melee!
You now have 14/22 mp.
You closely miss the brown ugly thing. You grab the brown ugly thing.
You constrict the brown ugly thing.
The brown ugly thing is engulfed in roaring flames.
The brown ugly thing barely misses you.
You hit the brown ugly thing but do no damage.
You constrict the brown ugly thing.
The brown ugly thing is engulfed in roaring flames.
The brown ugly thing trunk-slaps you but does no damage.
Warning x2: The brown ugly thing is fast and can hit for moderate damage in melee!
The white ugly thing is fast and can hit for high cold damage in melee!
You hit the brown ugly thing.
You constrict the brown ugly thing, but do no damage.
The brown ugly thing is engulfed in roaring flames.
The brown ugly thing trunk-slaps you but does no damage.
You hit the brown ugly thing. You constrict the brown ugly thing.
The brown ugly thing is engulfed in roaring flames.
The brown ugly thing barely misses you.
Warning x2: The brown ugly thing is fast and can hit for moderate damage in melee!
The white ugly thing is fast and can hit for high cold damage in melee!
You hit the brown ugly thing but do no damage.
You constrict the brown ugly thing.
The brown ugly thing is engulfed in roaring flames.
The brown ugly thing closely misses you.
You hit the brown ugly thing.
You constrict the brown ugly thing, but do no damage.
The brown ugly thing is engulfed in roaring flames.
You kill the brown ugly thing!
An eight-headed hydra comes into view.
Warning x2: The eight-headed hydra (wandering) can hit for high damage in melee!
The white ugly thing is fast and can hit for high cold damage in melee!
You closely miss the white ugly thing.
The eight-headed hydra roars!
Your grab misses the white ugly thing.
The white ugly thing is engulfed in roaring flames.
The white ugly thing punches you! The white ugly thing freezes you!!
The white ugly thing is engulfed in roaring flames.
The white ugly thing punches you! The white ugly thing freezes you!!
You die...
Your body crumbles into a pile of gold.

...###..#.##..#....
#### ###.D.#.. #...
##..#.. ### #..##.
#...## #.#..###
#u##...####
#@####..... #)#
#..... #.# ###...
#.# #...## #.#
##..... #.###..)..#
#########.##.......
#....##............


You could see an eight-headed hydra and a white ugly thing.

Vanquished Creatures
  An unseen horror (D:11)
  A hill giant (D:10)
  3 ugly things (D:11)
  4 trolls
  2 two-headed ogres
  Prince Ribbit (D:7)
  A spriggan (D:7)
  2 wyverns
  10 yaks
  A wraith (D:11)
  2 hippogriffs
  4 water moccasins
  2 black bears
  9 orc warriors
  5 sky beasts
  2 necrophages
  3 phantoms
  6 ice beasts
  A wasp (D:9)
  An eye of draining (D:10)
  6 centaurs
  8 ogres
  2 crocodiles (D:10)
  4 big kobolds
  6 giant frogs
  A water moccasin zombie (D:6)
  6 scorpions
  5 killer bees
  3 wights (D:9)
  9 howler monkeys
  2 giant frog zombies
  4 crimson imps
  A quasit (D:6)
  4 jellies
  3 hounds
  3 orc priests (D:6)
  3 centaur skeletons
  A gnoll shaman (D:9)
  13 orc wizards
  2 giant frog skeletons
  4 iguanas
  9 worker ants
  19 gnolls
  2 river rats (Sewer)
  22 adders
  2 shadow imps
  An ooze (D:3)
  An adder skeleton (D:5)
  2 worms (D:4)
  2 dart slugs
  10 giant geckos
  33 orcs
  7 bats
  8 giant cockroaches
  8 goblins
  8 hobgoblins
  3 jackals (D:1)
  6 quokkas
  3 ball pythons
  3 giant gecko zombies
  6 giant newts
  19 kobolds
  A quokka skeleton (D:4)
  4 rats
330 creatures vanquished.

Vanquished Creatures (collateral kills)
  The ghost of Bolverk the Impaler, a journeyman MfBe of Trog (D:10)
  A killer bee (D:6)
  A howler monkey (D:10)
  A river rat (Sewer)
  A rat (Sewer)
5 creatures vanquished.

Vanquished Creatures (others)
  5 dream sheep (D:9)
5 creatures vanquished.

Grand Total: 340 creatures vanquished

Notes
Turn   | Place    | Note
-------+----------+-------------------------------------------
     0 | D:1      | packetloss the Octopode Wizard began the quest for the Orb.
     0 | D:1      | Reached XP level 1. HP: 11/11 MP: 4/4
   320 | D:1      | Reached skill level 2 in Conjurations
   320 | D:1      | Reached XP level 2. HP: 16/17 MP: 1/6
   469 | D:1      | Learned a level 2 spell: Blink
  1156 | D:1      | Reached XP level 3. HP: 21/21 MP: 4/7
  1349 | D:1      | Learned a level 2 spell: Call Imp
  1355 | D:1      | Learned a level 3 spell: Mephitic Cloud
  1599 | D:1      | Reached skill level 3 in Conjurations
  1638 | D:2      | Reached skill level 2 in Translocations
  1687 | D:2      | Reached XP level 4. HP: 25/27 MP: 6/8
  2316 | D:2      | Reached XP level 5. HP: 23/31 MP: 7/9
  2501 | D:3      | Found a glowing drain.
  2511 | Sewer    | Entered a sewer
  2695 | Sewer    | Noticed daryashkoh's ghost (novice HESk)
  3122 | D:3      | Noticed packetloss's ghost (amateur OpVM)
  3172 | D:2      | Noticed Robin
  3172 | D:2      | Noticed Terence
  3337 | D:3      | Learned a level 2 spell: Repel Missiles
  3350 | D:4      | Reached skill level 4 in Conjurations
  3856 | D:3      | Reached XP level 6. HP: 36/36 MP: 7/11
  4137 | D:5      | Entered Level 5 of the Dungeon
  4428 | D:4      | Reached skill level 4 in Spellcasting
  5116 | D:4      | Found an opulent altar of Gozag.
  5142 | D:4      | Became a worshipper of Gozag Ym Sagoz the Greedy
  5207 | D:5      | Reached skill level 5 in Conjurations
  5326 | D:5      | Reached XP level 7. HP: 37/41 MP: 8/13
  5572 | D:5      | Noticed Sigmund
  6081 | D:5      | Reached skill level 5 in Spellcasting
  6187 | D:5      | Learned a level 3 spell: Conjure Flame
  6398 | D:5      | Identified a +0 rod of ignition (11/11) (You found it on level 4 of the Dungeon)
  6447 | D:5      | Reached skill level 1 in Poison Magic
  6733 | D:5      | Reached skill level 1 in Air Magic
  6733 | D:5      | Reached skill level 2 in Poison Magic
  6753 | D:5      | HP: 9/41 [centaur/arrow (16)]
  7056 | D:5      | Reached XP level 8. HP: 34/46 MP: 5/16
  7384 | D:6      | HP: 11/46 [killer bee (9)]
  7387 | D:6      | Reached skill level 2 in Air Magic
  7387 | D:6      | Reached skill level 3 in Poison Magic
  7606 | D:6      | Reached skill level 1 in Fighting
  7606 | D:6      | Reached skill level 1 in Fire Magic
  7666 | D:6      | Found Okizes's Gadget Shop.
  7680 | D:6      | Reached skill level 2 in Fire Magic
  7688 | D:6      | Reached skill level 2 in Fighting
  7946 | D:6      | Reached skill level 3 in Fire Magic
  8162 | D:6      | Reached skill level 3 in Fighting
  8418 | D:5      | Reached skill level 4 in Fighting
  8418 | D:5      | Reached skill level 3 in Dodging
  8649 | D:6      | Reached XP level 9. HP: 50/59 MP: 8/17
  8729 | D:6      | Reached skill level 4 in Dodging
  8777 | D:6      | Reached skill level 5 in Fighting
  9826 | D:6      | Reached skill level 5 in Dodging
  9826 | D:6      | Reached skill level 6 in Spellcasting
 10106 | D:7      | Reached skill level 6 in Fighting
 10221 | D:7      | Found a staircase to the Ecumenical Temple.
 10487 | D:7      | Noticed Prince Ribbit
 10513 | D:7      | Killed Prince Ribbit
 10513 | D:7      | Reached skill level 6 in Dodging
 10563 | D:7      | Identified the Almanac of the Eight Boll Weevils
 10595 | D:7      | Reached XP level 10. HP: 48/69 MP: 20/20
 11054 | D:7      | Found a shadowy altar of Dithmenos.
 11055 | D:7      | Found a hide-covered altar of Uskayaw.
 11057 | D:7      | Found Olef's Magic Scroll Emporium.
 11098 | D:7      | Reached skill level 3 in Stealth
 11133 | D:7      | Found a blossoming altar of Fedhas.
 11167 | D:7      | Reached skill level 1 in Maces & Flails
 11178 | D:7      | Reached skill level 4 in Stealth
 11227 | D:7      | Reached skill level 2 in Maces & Flails
 11612 | D:8      | Reached skill level 5 in Stealth
 11830 | D:8      | Found an ancient bone altar of Kikubaaqudgha.
 11871 | D:8      | Reached skill level 3 in Maces & Flails
 12457 | D:8      | Reached skill level 6 in Stealth
 13109 | D:9      | Reached skill level 4 in Maces & Flails
 13139 | D:9      | Reached skill level 7 in Stealth
 13232 | D:9      | Found a shimmering altar of Xom.
 13616 | D:10     | Entered Level 10 of the Dungeon
 13982 | D:10     | Reached skill level 5 in Maces & Flails
 13982 | D:10     | Reached skill level 8 in Stealth
 14162 | D:11     | Found Peagenen's Armour Emporium.
 14238 | D:10     | Found a staircase to the Lair.
 14296 | D:10     | Reached skill level 9 in Stealth
 14424 | D:10     | Reached XP level 11. HP: 41/74 MP: 6/21
 14432 | D:10     | Reached skill level 6 in Maces & Flails
 14474 | D:10     | Noticed Bolverk's ghost (journeyman MfBe)
 14698 | D:10     | Reached skill level 1 in Shields
 14707 | D:10     | Found a staircase to the Orcish Mines.
 14847 | D:10     | Noticed a hill giant
 14896 | D:10     | Killed a hill giant
 14896 | D:10     | Reached skill level 3 in Shields
 15418 | D:10     | Reached skill level 4 in Shields
 15739 | D:10     | Reached skill level 7 in Fighting
 16334 | D:9      | Reached skill level 8 in Fighting
 16441 | D:10     | HP: 18/77 [something (11)]
 16764 | Lair:1   | Entered Level 1 of the Lair of Beasts
 16771 | Lair:1   | Noticed Gastronok
 16796 | D:10     | Learned a level 4 spell: Passage of Golubria
 16946 | D:10     | Killed Bolverk's ghost
 16946 | D:10     | Reached skill level 3 in Translocations
 17112 | D:9      | Reached skill level 4 in Translocations
 17441 | D:11     | Noticed a cyclops
 17579 | D:11     | Reached skill level 5 in Translocations
 17747 | D:11     | Found Geluhasa's Jewellery Shop.
 18267 | D:11     | Reached skill level 7 in Dodging
 18531 | D:12     | Noticed Frances
 18674 | D:11     | Bought an uncursed ring of see invisible for 210 gold pieces
 18674 | D:11     | Bought an uncursed ring of wizardry for 420 gold pieces
 18906 | D:11     | Noticed a brown ugly thing
 18909 | D:11     | Noticed a white ugly thing
 18963 | D:11     | Noticed a green ugly thing
 18986 | D:11     | Killed a green ugly thing
 18986 | D:11     | Reached skill level 8 in Dodging
 19434 | D:11     | Noticed an unseen horror
 19443 | D:11     | Killed an unseen horror
 19443 | D:11     | Reached XP level 12. HP: 64/82 MP: 14/22
 19533 | D:11     | Reached skill level 9 in Dodging
 19717 | D:11     | Noticed an eight-headed hydra
 19717 | D:11     | Slain by a white ugly thing

Vault maps used:
D:1:      dpeg_arrival_shrine
D:2:      first_bread, grunt_dithmenos_smoke, uniq_robin, uniq_terence
D:3:      gup_sewer_entry_pipe
D:4:      nicolae_gozag_cash_rules_everything_around_me
D:5:      saegor_snake_ambush, uniq_sigmund
D:6:      kennysheep_windowed_halls, serial_shops, shop
D:7:      grunt_temple_overflow_open, serial_shops, shop, the_bakery,
          nicolae_lava_and_water, uniq_prince_ribbit1
D:8:      basic_altar, zaba_anthole
D:9:      kb_xom_exploding_sheep
D:10:     minmay_quarter_circles, lair_0_dummy, orc_0_dummy
D:11:     kennysheep_ambush_hall, portal_ice_cave_entry_pillars_2, serial_shops,
          kennysheep_mini, nicolae_shop_temple_entry_statues_fountains
D:12:     uniq_frances
Lair:1:   uniq_gastronok
Sewer:    sewer_kobolds

Skill      XL: |  1  2  3  4  5  6  7  8  9 10 11 12 |
---------------+-------------------------------------+-----
Conjurations   | 2 3 4 5 |  5.7
Translocations | 2 5 |  5.0
Spellcasting   | 4 5 6 |  6.8
Poison Magic   | 2 3 |  3.0
Air Magic      | 1 2 |  2.0
Fighting       | 4 6 8 |  8.1
Fire Magic     | 3 |  3.0
Dodging        | 3 6 8 9 |  9.4
Stealth        | 9 |  9.5
Maces & Flails | 5 6 |  6.1
Shields        | 4 |  4.0
Summonings     | |  1.5

Action                   |  1- 3 |  4- 6 |  7- 9 | 10-12 || total
-------------------------+-------+-------+-------+-------++-------
Melee: Mace              |    13 |       |     6 |   238 ||   257
       Whip              |    24 |    75 |   115 |   134 ||   348
       Constrict         |     8 |    21 |    35 |    52 ||   116
       Tentacles         |     3 |     7 |    18 |    50 ||    78
Throw: Tomahawk          |       |       |     1 |     1 ||     2
 Cast: Magic Dart        |    64 |   124 |   259 |   590 ||  1037
       Call Imp          |       |     8 |     1 |    10 ||    19
       Mephitic Cloud    |       |     1 |    21 |    29 ||    51
       Repel Missiles    |       |     1 |     2 |     5 ||     8
       Conjure Flame     |       |       |    11 |    28 ||    39
       Blink             |       |       |       |     4 ||     4
       Passage of Golubr |       |       |       |     2 ||     2
Invok: Call Merchant     |       |       |       |     2 ||     2
Evoke: Box of beasts     |       |       |       |     5 ||     5
  Use: Scroll            |       |     5 |    12 |     5 ||    22
       Potion            |       |       |     2 |     1 ||     3
 Stab: Sleeping          |     1 |     1 |     2 |     2 ||     6
       Confused          |       |       |     7 |    10 ||    17
       Distracted        |       |       |       |     2 ||     2
  Eat: Chunk             |     2 |    11 |       |       ||    13
       Meat ration       |       |       |     2 |     1 ||     3
       Pizza             |       |       |     1 |       ||     1
       Fruit             |       |       |     2 |     2 ||     4
       Royal jelly       |       |       |     2 |     2 ||     4
       Bread ration      |       |       |       |     4 ||     4
Armor: Skin              |     7 |     8 |    19 |    95 ||   129
Dodge: Dodged            |    37 |    71 |   103 |   351 ||   562
       Deflected         |       |     1 |    10 |    11 ||    22

Vault maps used:
D:1:      dpeg_arrival_shrine
D:2:      first_bread, grunt_dithmenos_smoke, uniq_robin, uniq_terence
D:3:      gup_sewer_entry_pipe
D:4:      nicolae_gozag_cash_rules_everything_around_me
D:5:      saegor_snake_ambush, uniq_sigmund
D:6:      kennysheep_windowed_halls, serial_shops, shop
D:7:      grunt_temple_overflow_open, serial_shops, shop, the_bakery,
          nicolae_lava_and_water, uniq_prince_ribbit1
D:8:      basic_altar, zaba_anthole
D:9:      kb_xom_exploding_sheep
D:10:     minmay_quarter_circles, lair_0_dummy, orc_0_dummy
D:11:     kennysheep_ambush_hall, portal_ice_cave_entry_pillars_2, serial_shops,
          kennysheep_mini, nicolae_shop_temple_entry_statues_fountains
D:12:     uniq_frances
Lair:1:   uniq_gastronok
Sewer:    sewer_kobolds

Table legend:
 A = Turns spent in this place as a percentage of turns spent in the entire game.
 B = Non-inter-level travel turns spent in this place as a percentage of non-inter-level travel turns spent in the entire game.
 C = Inter-level travel turns spent in this place as a percentage of turns spent in this place.
 D = Turns resting spent in this place as a percentage of non-inter-level travel turns spent in this place.
 E = Turns spent auto-exploring this place as a percentage of non-inter-level travel turns spent in this place.
 F = Non-inter-level travel turns spent in this place divided by the number of levels of this place that you've seen.
                   A       B       C       D       E      F
               +-------+-------+-------+-------+-------+----------------------
         Total | 100.0 | 100.0 |   0.3 |   4.2 |   0.6 | 668.4
       Dungeon |  98.7 |  98.7 |   0.3 |   4.2 |   0.6 | 769.4
          Lair |   0.1 |   0.1 |   0.0 |   0.0 |   0.0 |   8.0
         Sewer |   1.2 |   1.3 |   0.0 |   3.4 |   0.0 | 117.0
               +-------+-------+-------+-------+-------+----------------------

Table legend:
 A = Kills in this place as a percentage of kills in entire the game.
 B = Kills by you in this place as a percentage of kills by you in the entire game.
 C = Kills by friends in this place as a percentage of kills by friends in the entire game.
 D = Other kills in this place as a percentage of other kills in the entire game.
 E = Experience gained in this place as a percentage of experience gained in the entire game.
 F = Experience gained in this place divided by the number of levels of this place that you have seen.
                   A       B       C       D       E      F
               +-------+-------+-------+-------+-------+----------------------
         Total | 100.0 | 100.0 | 100.0 | 100.0 | 100.0 | 1452.1
       Dungeon |  98.5 |  99.1 |  60.0 | 100.0 |  99.8 | 1691.3
         Sewer |   1.5 |   0.9 |  40.0 |   0.0 |   0.2 |  33.0
               +-------+-------+-------+-------+-------+----------------------
